[Event "*** Titled Tuesday Blitz"]
[Site "Chess.com"]
[Date "2020.04.28"]
[Round "4"]
[White "shyam"]
[Black "mbachez"]
[Result "0-1"]
[WhiteElo "2685"]
[BlackElo "2505"]
[TimeControl "180+1"]
[EndTime "10:41:48 PDT"]
[Termination "mbachez won by resignation"]

1. d4 Nc6 2. e4 e5 3. Nf3 exd4 4. Bc4 Nf6 5. e5 Ne4 6. O-O d5 7. Bb5 Bc5 8. Bxc6+ bxc6 9. Nxd4 Bd7 10. Be3 Bb6 11.
f3 Ng5 12. f4 Ne4 13. Nd2 Nxd2 14. Qxd2 O-O 15. Nb3 Bf5 16. Bc5 Re8 17. Rae1 Qd7 18. h3 h5 19. Kh2 Re6 20. a4 Rg6 21. a5 Bxc5 22. Nxc5 Qe7 23. b4 Qh4 24. Qf2 Qe7 25. c3 Re8 26. Re3 h4 27. Rd1 Rh6 28. Rd2 Qd8 29. Re1 Kh7 30. c4 Rg8 31. Red1 Qb8 32. cxd5 cxd5 33. Rxd5 Qxb4 34. Qd4 Qa3 35. Ne4 Rg6 36.
Qf2 Bxe4 37. Qxh4+ Rh6 38. Qg5 Bxd5 39. Rxd5 Qe3 40. Qf5+ Rg6 41. Qh5+ Rh6 42. Qf5+ Kh8 43. Qxf7 Rh4 44. f5 Qf4+ 45. Kh1 Qg3 46. Rd1 Rxh3+ 47. gxh3 Qf3+ 48. Kh2 Qe2+ 49. Kg3 Qxd1 50. e6 Qd2 51. Qh5+ Qh6 52. Qf7 Qf6 53. Qh5+ Qh6 54. Qf7 Qe3+ 55. Kg2 Rd8 56. Qh5+ Qh6 57. Qxh6+ gxh6 58. f6 Kg8 59. Kf3 Rd6 60. e7 Kf7 0-1

[Event "*** Titled Tuesday Blitz"]
[Site "Chess.com"]
[Date "2020.04.28"]
[Round "4"]
[White "TST2014"]
[Black "mc4chess"]
[Result "0-1"]
[WhiteElo "2614"]
[BlackElo "2408"]
[TimeControl "180+1"]
[EndTime "10:41:49 PDT"]
[Termination "mc4chess won by checkmate"]

1. d4 Nf6 2. c4 e5 3. dxe5 Ng4 4. Nf3 Nc6 5. Bf4 Bb4+ 6. Nbd2 Qe7 7. h3 Ngxe5 8. Nxe5 Nxe5 9. e3 O-O 10. a3 Bxd2+ 11. Qxd2 d6 12. Be2 b6 13. O-O Bb7 14. Rac1 Ng6 15.
Bg3 a5 16. b4 axb4 17. axb4 f5 18. Qd4 f4 19. Bh2 Qg5 20. g3 Ra2 21. Rce1 Nh4 22.
exf4 Rxe2 23. Rxe2 Nf3+ 24. Kg2 Nxd4+ 25. f3 Qh5 26.
Re3 Nf5 27. Rc3 Qg6 28. Re1 h5 29. c5 Bxf3+ 30. Kxf3 bxc5 31. bxc5 Re8 32. Rd1 dxc5 33. Rxc5 Re3+ 34. Kf2 Qe6 35. Rd8+ Kh7 36. Rd2 h4 37. g4 Nd6 38. Rh5+ Kg8 39. Re5 Rxe5 40. fxe5 Ne4+ 41. Ke3 Nxd2 42. Kxd2 Qh6+ 43. Kd3 Qc6 44. Bf4 Kf7 45.
Kd4 g5 46. Bxg5 Qf3 47. Bxh4 Qxh3 48. Bf6 Ke6 49. g5 Qg4+ 50. Kc5 Qe4 51. Kb5 c6+ 52. Kc5 Qd5+ 53. Kb6 Qb5+ 54. Kc7 c5 55. g6 Qd7+ 56.
Kb6 c4 57. g7 Qe8 58. Kc5 c3 59. Kd4 c2 60. Bg5 Kf5 61. Bc1 Qxe5+ 62. Kd3 Qxg7 63. Kxc2 Qc7+ 64. Kb2 Ke4 65. Bd2 Kd3 66. Bb4 Qb6 67. Kb3 Qb5 68. Ka3 Kc2 69. Ka2 Qxb4 70. Ka1 Qb2# 0-1

[Event "*** Titled Tuesday Blitz"]
[Site "Chess.com"]
[Date "2020.04.28"]
[Round "4"]
[White "Kobalia"]
[Black "Malev212"]
[Result "0-1"]
[WhiteElo "2696"]
[BlackElo "2520"]
[TimeControl "180+1"]
[EndTime "10:41:50 PDT"]
[Termination "Malev212 won on time"]

1. e4 c6 2. d4 d5 3. exd5 cxd5 4. Bd3 Nc6 5. c3 Qc7 6. Ne2 Nf6 7. O-O e6 8. Bf4 Qd8 9. Nd2 Be7 10. Nf3 O-O 11.
Re1 Bd7 12. Bc2 Rc8 13. Qd3 Na5 14. Bg5 g6 15. Ne5 Nc4 16. Nxc4 Rxc4 17. Nf4 b5 18. a3 a5 19. Qf3 Rc8 20. Bd3 Re8 21. h4 Bc6 22. Qe2 Ne4 23. Bxe7 Qxe7 24. h5 g5 25. Nh3 Qf6 26. Qf1 g4 27. f3 Nd2 28.
Qe2 gxh3 29. Qxd2 hxg2 30. Re2 Kh8 31. Rxg2 Rg8 32. Kh1 Rxg2 33. Qxg2 Rg8 34. Qh3 Qg5 35.
h6 e5 36. Re1 e4 37. Be2 Rg6 38. Qc8+ Rg8 39. Qh3 Bd7 40. Qh2 Rg6 41. Qe5+ Qxe5 42. dxe5 Rxh6+ 43. Kg2 Rg6+ 44. Kf2 exf3 45. Bxf3 Be6 46.
Rd1 Rg5 47. Bxd5 Rf5+ 48. Kg3 Rxe5 49. Bxe6 fxe6 50. Rd7 a4 51. Rb7 Kg8 52. Kf4 Rf5+ 53.
Ke4 h5 54. Re7 Rf6 55. Ke5 Rh6 56. Re8+ Kf7 57. Rd8 h4 58. Rd3 h3 59. Rf3+ Ke7 60. Rf1 h2 0-1

[Event "*** Titled Tuesday Blitz"]
[Site "Chess.com"]
[Date "2020.04.28"]
[Round "4"]
[White "EugeneRougon"]
[Black "Duhless"]
[Result "1-0"]
[WhiteElo "2761"]
[BlackElo "3092"]
[TimeControl "180+1"]
[EndTime "10:41:51 PDT"]
[Termination "EugeneRougon won on time"]

1. e4 c5 2. Nf3 Nc6 3. Bb5 g6 4. Bxc6 dxc6 5. d3 Qc7 6. h3 e5 7. Nc3 Be6 8. Be3 f6 9. O-O Nh6 10. Nh2 g5 11. Ne2 Nf7 12. Ng3 Be7 13. Nh5 Rg8 14.
Ng4 Rg6 15. a3 a5 16. Qf3 O-O-O 17. Ngxf6 Rf8 18. Ng4 Bd6 19. Qe2 Nd8 20. Qd2 h6 21. c3 Bd7 22. b4 Ne6 23. bxc5 Bxc5 24. Bxc5 Nxc5 25. Qe3 Ne6 26. d4 Nf4 27. Nxe5 Rgg8 28. Nxf4 gxf4 29. Qf3 Rg5 30. Rad1 Be6 31. Nd3 Qf7 32.
Ne5 Qg7 33. d5 cxd5 34. exd5 Bf5 35. Rfe1 Rg8 36. d6 Rxg2+ 37. Kh1 Bd7 38. Nxd7 Qxd7 39. Qxg2 Rxg2 40. Kxg2 f3+ 41. Kg3 Qg7+ 42. Kxf3 Qxc3+ 43. Re3 Qf6+ 44. Ke2 Kd7 45. Re7+ Kd8 46. Re3 Qb2+ 47. Rd2 Qb5+ 48. Kf3 Qf5+ 49. Kg2 Qg5+ 50. Kf1 Qb5+ 51. Kg1 Qg5+ 52. Kh2 Qf4+ 53. Kg2 Qg5+ 54. Kf3 Qf5+ 55. Ke2 Qc5 56. d7 Qb5+ 57. Rdd3 Qb2+ 58. Kf1 Qa1+ 59.
Re1 Qg7 60. Re8+ 1-0

[Event "*** Titled Tuesday Blitz"]
[Site "Chess.com"]
[Date "2020.04.28"]
[Round "4"]
[White "GameOverBro"]
[Black "Jumbo"]
[Result "0-1"]
[WhiteElo "2505"]
[BlackElo "2744"]
[TimeControl "180+1"]
[EndTime "10:41:52 PDT"]
[Termination "Jumbo won on time"]

1. e4 c5 2. Ne2 Nc6 3. Nbc3 Nf6 4.
g3 g6 5. d4 cxd4 6. Nxd4 d6 7.
Bg2 Bg4 8. f3 Bd7 9. O-O Bg7 10.
Be3 O-O 11. Nd5 Rc8 12. b3 Nxd5 13. exd5 Nxd4 14. Bxd4 Bxd4+ 15. Qxd4 Rxc2 16. Qxa7 Qc7 17.
Rae1 Re8 18. Rf2 Rc5 19. f4 Bf5 20. Qa3 Rc2 21. Qb4 Rxf2 22. Kxf2 Ra8 23. Re2 Ra5 24. Bf3 Rc5 25. Qd4 h5 26. a4 Rc3 27. Re3 Rc2+ 28.
Re2 Rc3 29. Re3 Rc1 30. Re2 Bh3 31. Bg2 Bg4 32. Bf3 Rc3 33. Re3 Rc2+ 34. Re2 Rxe2+ 35. Bxe2 Qc2 36. Qd3 Qb2 37. Kf1 Bxe2+ 38. Qxe2 Qxb3 39.
Qxe7 Qd1+ 40. Kf2 Qxd5 41. Qd8+ Kg7 42. a5 Qd4+ 43. Kf3 Qc5 44. Ke4 Qc4+ 45. Ke3 Qc6 46. Kd4 Qc5+ 47. Kd3 Qd5+ 48. Ke3 h4 49. Qc7 h3 50. Qc3+ Kh7 51. g4 Qg2 52. Kd4 Qxg4 53.
Qe3 Qe6 54. Qg3 Qf6+ 55. Kd3 Qf5+ 56. Kd4 Qc5+ 57. Kd3 Qa3+ 0-1

[Event "*** Titled Tuesday Blitz"]
[Site "Chess.com"]
[Date "2020.04.28"]
[Round "4"]
[White "StegariuVlad"]
[Black "Semen_Khanin"]
[Result "1-0"]
[WhiteElo "2515"]
[BlackElo "2703"]
[TimeControl "180+1"]
[EndTime "10:41:53 PDT"]
[Termination "StegariuVlad won by resignation"]

1. e4 c5 2. Nf3 e6 3. d4 cxd4 4. Nxd4 Nc6 5. Nc3 Qc7 6. Be2 a6 7. O-O Nf6 8. Be3 Be7 9. f4 d6 10. a4 Nxd4 11. Bxd4 e5 12. Be3 exf4 13. Bxf4 Be6 14.
Kh1 O-O 15. a5 Rfe8 16. Qd4 Rad8 17. Rfd1 Ng4 18. Bxg4 Bxg4 19. Nd5 Qxc2 20. Rdc1 Qe2 21. Re1 Qb5 22. Nc7 Qd7 23. Nxe8 Rxe8 24. e5 d5 25. Rac1 Be6 26. Bd2 h6 27. Bb4 Qa4 28. Bc3 Qb5 29. b4 Rc8 30. Bd2 Rc4 31. Rxc4 dxc4 32.
Bc3 Qc6 33. Qe4 Qb5 34. h3 Bd5 35. Qg4 Be6 36. Qf3 Bd5 37. Qg4 Be6 38. Qf3 Qd7 39.
Rd1 Qa4 40. Rc1 Bxb4 41. Qxb7 Bxc3 42. Qb8+ Kh7 43. Qb1+ g6 44. Rxc3 Qxa5 45. Re3 Qc5 46. Qc1 a5 47. Qa3 Qd4 48. Qc3 Qd1+ 49. Kh2 a4 50. Rf3 Qb3 51. Qd4 Qb5 52. Qd6 Qd5 53. Qxd5 Bxd5 54. Ra3 Bc6 55. Rc3 Bb5 56. Kg3 g5 57. Kf3 Kg6 58. Ke4 Bc6+ 59. Kd4 Bxg2 60.
Kxc4 Kf5 61. Kd4 Kf4 62. Rc7 Bxh3 63. Rxf7+ Kg3 64. Ra7 h5 65. Rxa4 g4 66. e6 Bf1 67.
Rb4 Bd3 68. Kxd3 1-0

[Event "*** Titled Tuesday Blitz"]
[Site "Chess.com"]
[Date "2020.04.28"]
[Round "4"]
[White "rogapa"]
[Black "LuckSlayeer"]
[Result "0-1"]
[WhiteElo "2736"]
[BlackElo "2522"]
[TimeControl "180+1"]
[EndTime "10:41:54 PDT"]
[Termination "LuckSlayeer won by checkmate"]

1. e4 c5 2. Nf3 Nc6 3. d4 cxd4 4.
Nxd4 e5 5. Nb5 d6 6. N1c3 a6 7. Na3 b5 8. Nd5 Nce7 9. Bg5 f6 10. Bxb5+ axb5 11. Nxb5 Nxd5 12. Qxd5 Rb8 13. Bd2 Qd7 14.
Qc4 Qxb5 15. Qxb5+ Rxb5 16. b4 Ne7 17. a4 Rb8 18.
O-O d5 19. Rfb1 dxe4 20. a5 Ba6 21. b5 Rxb5 22. Rxb5 Bxb5 23. a6 Bxa6 24. Rxa6 Kf7 25. Ra7 Ke6 26. Ra6+ Kd5 27. Ra5+ Kc4 28. Ra4+ Kb5 29.
Rb4+ Kc5 30. Rxe4 Nc6 31. Be3+ Kd5 32. Ra4 Bc5 33. Bxc5 Kxc5 34. Kf1 Rb8 35. g3 Nd4 36. Ra7 Ne6 37. Re7 Kd6 38. Ra7 Rc8 39. Ra6+ Rc6 40. Ra2 Nd4 41. Ra7 Rc7 42. Ra8 Rxc2 43. Kg2 Rc7 44. h4 Ke6 45. Rh8 h6 46. h5 Kf5 47.
Kh3 e4 48. Kh4 Nf3+ 49. Kh3 Rc1 50. Rg8 Rh1+ 51. Kg2 Rg1+ 52. Kh3 Rf1 53. Kg2 Rg1+ 54. Kh3 Rh1+ 55. Kg2 Rh2+ 56. Kf1 Rxh5 57. Rxg7 Rh1+ 58. Kg2 Rg1+ 59. Kh3 Ng5+ 60. Kh2 Rf1 61. Kg2 Rc1 62. Rd7 Rc2 63. Re7 Re2 64. Re8 e3 65. Kg1 exf2+ 66. Kf1 Rxe8 67. Kxf2 Kg4 68. Kg2 Re2+ 69. Kf1 Kf3 70.
g4 Ne4 71. g5 Ng3+ 72. Kg1 Rg2# 0-1

[Event "*** Titled Tuesday Blitz"]
[Site "Chess.com"]
[Date "2020.04.28"]
[Round "4"]
[White "Quaternitychess"]
[Black "Yaacovn"]
[Result "0-1"]
[WhiteElo "2213"]
[BlackElo "2756"]
[TimeControl "180+1"]
[EndTime "10:41:58 PDT"]
[Termination "Yaacovn won on time"]

1. e4 c6 2. d4 d5 3. e5 Bf5 4. h4 Qb6 5. a4 a6 6. a5 Qc7 7. c4 e6 8. Nc3 dxc4 9. Bxc4 Bb4 10. Qa4 Bf8 11. Nge2 Nd7 12. Ng3 Ne7 13. O-O h6 14.
b4 Bh7 15. Qb3 Nf5 16. Nxf5 Bxf5 17. Be3 Be7 18. g3 O-O 19. Na4 Rad8 20. Nc5 Rfe8 21. Rfc1 Nf8 22. Be2 Bxc5 23. bxc5 Be4 24. h5 Re7 25. f3 Bd5 26. Qc2 Qd7 27. Rab1 Qc7 28. Qc3 f6 29. Bf4 f5 30. Rb2 Rdd7 31. Rcb1 Qd8 32.
Kf2 Qe8 33. Rh1 Kh7 34. Qd2 Qf7 35. Bd3 Kg8 36. Bb1 Re8 37. Rh4 Bc4 38. Qe3 Red8 39. Rd2 Qe7 40. Kg2 Bb5 41. Rh1 Nh7 42. g4 fxg4 43.
fxg4 Bc4 44. Kg3 Ng5 45. Rf2 Bd5 46. Rhf1 Bc4 47. Rd1 Rf8 48. Bxg5 Qxg5 49. Qxg5 hxg5 50.
Bh7+ Kxh7 51. Rxf8 g6 52. hxg6+ Kxg6 53. Rf6+ Kg7 54.
Kf2 Rd8 55. Ke3 Rh8 56. Rb1 Rh3+ 57. Kf2 Bb5 58. Rxe6 Rd3 59. Rd6 Rd2+ 60. Ke3 Rd3+ 61. Ke4 Rh3 62. Rxb5 axb5 63. Rd7+ Kg6 64. Rd6+ Kf7 65.
Kf5 Rf3+ 66. Kxg5 Ke7 67. Rh6 Rd3 68. Kf5 Rf3+ 69. Ke4 Ra3 0-1

[Event "*** Titled Tuesday Blitz"]
[Site "Chess.com"]
[Date "2020.04.28"]
[Round "4"]
[White "Aygehovit1992"]
[Black "Gubajdullin"]
[Result "1/2-1/2"]
[WhiteElo "2670"]
[BlackElo "2487"]
[TimeControl "180+1"]
[EndTime "10:41:58 PDT"]
[Termination "Game drawn by repetition"]

1. e4 g6 2. d4 Bg7 3. Nc3 d6 4. f4 c6 5. Nf3 Bg4 6. Be3 Qb6 7.
Rb1 Bxf3 8. gxf3 e6 9. h4 h5 10. Bc4 d5 11. Bb3 Ne7 12. Qd2 Nd7 13. Ne2 a5 14. c3 a4 15. Bc2 Qa5 16. b4 axb3 17. axb3 Qd8 18. Kf2 Ra2 19. Nc1 Ra3 20. Nd3 Bf6 21.
Ne5 Nc8 22. Kg3 Be7 23. b4 Nd6 24. Bd3 Nf6 25. Qb2 Ra7 26. Qc2 Qa8 27. Kg2 Ra2 28.
Rb2 Rxb2 29. Qxb2 dxe4 30. fxe4 Ndxe4 31. Ra1 Qd8 32. b5 c5 33. c4 O-O 34. Kf3 cxd4 35. Qxd4 Nc5 36. Qxd8 Rxd8 37. Bc2 Nfd7 38. Ra7 b6 39.
Nc6 Re8 40. Nxe7+ Rxe7 41. Bxc5 bxc5 42. b6 Kg7 43. Ba4 Nxb6 44. Rxe7 Nxa4 45. Ke4 Nb2 46. Rc7 Nxc4 47. Rxc5 Nd6+ 48. Ke5 Nf5 49. Rc7 Nxh4 50. Kd6 Nf5+ 51. Kd7 h4 52. Ke8 Nh6 53. Rc3 Kf6 54.
Rh3 g5 55. fxg5+ Kxg5 56. Ke7 Kg4 57. Rh1 h3 58. Kf6 Kg3 59. Kg5 Kg2 60. Ra1 h2 61.
Ra2+ Kg3 62. Ra3+ Kg2 63. Ra2+ Kg3 64. Ra3+ Kg2 65. Ra2+ 1/2-1/2

[Event "*** Titled Tuesday Blitz"]
[Site "Chess.com"]
[Date "2020.04.28"]
[Round "4"]
[White "Ceejay271"]
[Black "KhamzinOlzhas"]
[Result "1-0"]
[WhiteElo "2330"]
[BlackElo "2455"]
[TimeControl "180+1"]
[EndTime "10:41:58 PDT"]
[Termination "Ceejay271 won by resignation"]

1. c4 c5 2. g3 g6 3. Bg2 Bg7 4. Nf3 Nc6 5. O-O d6 6. Nc3 Bf5 7. d3 Qd7 8. Bd2 Bh3 9. Bxh3 Qxh3 10. Nd5 Qd7 11. Rb1 e6 12. Nc3 Nge7 13. a3 O-O 14. b4 b6 15. b5 Ne5 16. Nxe5 dxe5 17.
a4 Rad8 18. a5 f5 19. axb6 axb6 20. Bg5 h6 21. Bxe7 Qxe7 22. Qc2 h5 23. Ra1 h4 24.
Ra6 Rd6 25. Rfa1 e4 26. Ra7 Qf6 27. R1a3 Rfd8 28. Ra8 Rxa8 29. Rxa8+ Kh7 30. Ra3 Qg5 31. dxe4 h3 32. exf5 gxf5 33. e4 Rd2 34. Qc1 Bd4 35.
Nd1 fxe4 36. Ne3 Rd3 37. Rxd3 exd3 38. Qd2 Qg6 39. Nd1 Qe4 40. Ne3 Bxe3 41. fxe3 Qf3 42. Qf2 Qd1+ 43. Qf1 Qxf1+ 44. Kxf1 e5 45. e4 Kg6 46. Kf2 Kf6 47. Ke3 Kg5 48. Kxd3 Kg4 49. Ke3 Kg5 50. Kf3 Kh5 51. Kf2 Kg4 52. Ke3 Kg5 53.
Kf3 Kh5 54. g4+ Kh4 55. g5 Kh5 56. Kg3 Kxg5 57. Kxh3 Kf4 58. Kg2 Kxe4 59. h4 Kf4 60. h5 Kg5 61. Kf3 Kxh5 62. Ke4 Kg5 63. Kxe5 Kg4 64. Kd5 Kf4 65. Kc6 Ke4 66. Kxb6 Kd4 67. Ka7 Kxc4 68. b6 Kd3 69. b7 c4 70. b8=Q c3 71.
Qb1+ c2 72. Qc1 1-0

[Event "*** Titled Tuesday Blitz"]
[Site "Chess.com"]
[Date "2020.04.28"]
[Round "4"]
[White "uchenic"]
[Black "TheoSlade"]
[Result "0-1"]
[WhiteElo "2455"]
[BlackElo "2306"]
[TimeControl "180+1"]
[EndTime "10:41:59 PDT"]
[Termination "TheoSlade won on time"]

1. d4 Nf6 2. c4 e6 3. Nf3 d5 4.
g3 Be7 5. Bg2 O-O 6. O-O dxc4 7.
Qa4 a6 8. Qxc4 b5 9. Qd3 Bb7 10. Rd1 Be4 11. Qd2 c5 12. dxc5 Qxd2 13. Nbxd2 Bd5 14.
Nb3 Nbd7 15. Be3 Bxb3 16. axb3 Nxc5 17. Nd4 Rac8 18. b4 Na4 19. Nc6 Rfe8 20. Bd4 Bf8 21. b3 e5 22. Bxe5 Nb6 23. Rxa6 Nbd7 24. Bb2 Rxe2 25.
Bxf6 Nxf6 26. Nd4 Re5 27. f4 Ree8 28. Nxb5 Bxb4 29. Nd6 Bxd6 30. Raxd6 Rb8 31. R6d3 Kf8 32. Bf3 Ne4 33. Kg2 Nc5 34. Rc3 Nxb3 35. Rd7 Re7 36.
Rxe7 Kxe7 37. Rc7+ Kf6 38. Bd5 Nd4 39. Rxf7+ Kg6 40.
Rd7 Rb2+ 41. Kh3 Nf5 42. Be4 Kf6 43. Bxf5 Kxf5 44. Rxg7 h6 45. Rg8 Kf6 46. g4 Rb3+ 47. Kh4 Rb4 48. f5 Rb2 49. h3 Kf7 50. Rg6 Rb3 51. Rxh6 Kg7 52. Ra6 Rc3 53. g5 Ra3 54. Kg4 Rxa6 55. h4 Ra4+ 56. Kh5 Ra5 57. f6+ Kh7 58.
Kg4 Kg6 59. h5+ Kf7 60. Kf4 Rb5 61. Kg4 Ra5 62. Kf4 Ra1 63. Kf5 Rf1+ 64. Ke5 Rh1 65. g6+ Kf8 66. Ke6 Rxh5 67. g7+ Kg8 68. Ke7 Re5+ 69.
Kd6 Re1 70. Kd5 Kf7 71. Kd4 Rf1 72. Ke5 Rf2 73. Ke4 Rxf6 74. Ke5 Kxg7 0-1

[Event "*** Titled Tuesday Blitz"]
[Site "Chess.com"]
[Date "2020.04.28"]
[Round "4"]
[White "smshk35"]
[Black "PavelChernomordik"]
[Result "1-0"]
[WhiteElo "2379"]
[BlackElo "2403"]
[TimeControl "180+1"]
[EndTime "10:41:59 PDT"]
[Termination "smshk35 won by resignation"]

1. e4 g6 2. d4 Bg7 3. c4 Nc6 4. Be3 e5 5. d5 Nd4 6. Nc3 c5 7. Bd3 d6 8. Nge2 Ne7 9. O-O O-O 10. a3 f5 11. f4 fxe4 12. Nxe4 Nef5 13. Bxd4 exd4 14.
b4 Ne3 15. Qd2 Nxf1 16. Rxf1 b6 17. N2g3 Qh4 18. Nxd6 Bh6 19. Ne2 Bg4 20. bxc5 bxc5 21. Ne4 Bxe2 22. Qxe2 Bxf4 23. g3 Be3+ 24. Qxe3 Rxf1+ 25. Bxf1 Qe7 26. Qf3 Rf8 27. Qg2 Qe5 28. d6 d3 29.
Bxd3 Qd4+ 30. Nf2 Qxd6 31. Qd5+ Qxd5 32. cxd5 Kf7 33. Ne4 Ke7 34. d6+ Ke6 35. Bb5 Ke5 36. Bc6 c4 37. d7 c3 38. Nxc3 Kd6 39. Ba4 Kc5 40. Ne4+ Kb6 41. Nd6 Kc7 42. Ne8+ Kd8 43. Kg2 Rf7 44. Nd6 Rxd7 45. Bxd7 Kxd7 46. Nb5 a6 47. Nc3 Kd6 48. Kf3 Kc5 49. Ke3 Kc4 50.
Kd2 Kb3 51. a4 a5 52. Kd3 Kb4 53. Kd4 Kb3 54. h4 h5 55. Nd5 Kxa4 56. Kc4 Ka3 57. Kc3 Ka4 58. Ne7 Kb5 59. Nxg6 Kc5 60. Nf4 Kd6 61. Nxh5 Ke5 62. Nf4 Kf5 63. h5 Kg5 64. Kc4 a4 65. Kb4 1-0

[Event "*** Titled Tuesday Blitz"]
[Site "Chess.com"]
[Date "2020.04.28"]
[Round "4"]
[White "GiorgianBarbosa"]
[Black "Alexandercs432"]
[Result "1-0"]
[WhiteElo "2301"]
[BlackElo "2098"]
[TimeControl "180+1"]
[EndTime "10:42:02 PDT"]
[Termination "GiorgianBarbosa won on time"]

1. Nf3 d5 2. g3 Bg4 3. Bg2 c6 4. O-O Nd7 5. c4 e6 6. b3 Ngf6 7. Bb2 Bd6 8. d3 O-O 9. Nbd2 Re8 10. e4 dxe4 11. dxe4 e5 12. Qe2 Qe7 13. h3 Bh5 14. Rfd1 Rad8 15. Nf1 Ba3 16. Bxa3 Qxa3 17. g4 Bg6 18.
Ng3 a5 19. Nh4 Nf8 20. Nhf5 Ne6 21. g5 Nd7 22. h4 Nf4 23. Qf3 Nf8 24. h5 Bxf5 25.
Nxf5 N8e6 26. Qg4 Qb2 27. Bf1 Rd2 28. Rxd2 Qxd2 29. Rd1 Qxa2 30. Rd7 Qxb3 31. h6 g6 32. Nd6 Rf8 33. Rxb7 Qa3 34. Qd1 Nd4 35. c5 Qxc5 36. Nc4 a4 37. Qxa4 Nde6 38. Qd1 Qd4 39. Qxd4 Nxd4 40. Nxe5 Nde6 41. Nd7 Nd4 42. Nxf8 Kxf8 43. Rb8+ Ke7 44. Rb7+ Ke6 45. Bc4+ Ke5 46. Re7+ Kd6 47. Rxf7 Ke5 48. Re7+ Kd6 49. Rxh7 Nh3+ 50. Kf1 Nxg5 51. Ra7 Nxe4 52. Bd3 Nd2+ 53. Kg2 N2f3 54. Bxg6 Ne5 55. Bb1 Ne6 56. h7 Nf4+ 57. Kf1 Nfg6 58. h8=Q Nxh8 59.
Ra8 Nhg6 60. Rd8+ Ke7 61. Rd1 Kf6 62. Bxg6 Kxg6 63. Rd6+ Kf5 64. Rd1 Ke4 65. Ra1 Kd4 66. Ke1 c5 67. Ke2 c4 68. Rd1+ Kc3 69. f4 1-0

[Event "*** Titled Tuesday Blitz"]
[Site "Chess.com"]
[Date "2020.04.28"]
[Round "4"]
[White "Stewie_89"]
[Black "TERMINATOR_PC"]
[Result "1-0"]
[WhiteElo "2634"]
[BlackElo "2399"]
[TimeControl "180+1"]
[EndTime "10:42:03 PDT"]
[Termination "Stewie_89 won on time"]

1. e4 Nf6 2. e5 Nd5 3. Nf3 d6 4. d4 dxe5 5. Nxe5 c6 6. Be2 Bf5 7. a3 Nd7 8. Nf3 e6 9. c4 N5f6 10. Nc3 Bd6 11. h3 h6 12. Be3 Qc7 13. b4 Ne4 14.
Nxe4 Bxe4 15. Qd2 O-O 16. O-O Rfe8 17. Rad1 a6 18. c5 Bf8 19. Bf4 Qd8 20. Ne5 Nxe5 21. Bxe5 Bd5 22. Qc3 Be7 23. Bd3 Bf6 24. Rfe1 Bxe5 25.
Rxe5 Qf6 26. Bb1 Rad8 27. Qd3 g6 28. Qg3 Kg7 29. h4 Bc4 30. h5 g5 31. Qc3 Qxe5 32. dxe5 Rxd1+ 33. Kh2 Rxb1 34. Qxc4 Rd8 35. Qe4 Rb3 36. f4 Rbd3 37. fxg5 R8d4 38. gxh6+ Kxh6 39.
Qe2 Rxa3 40. Qf2 Rad3 41. Qxf7 Rh4+ 42. Kg1 Rxh5 43. Qxe6+ Kh7 44. Qf7+ Kh6 45. Qf6+ Kh7 46. e6 Re3 47. e7 Rhe5 48. Qf7+ Kh6 49. Qf6+ Kh7 50.
Qf7+ Kh6 51. e8=Q Rxe8 52. Qxb7 R3e6 53. Qxa6 Rg8 54. Qd3 Reg6 55. Qd2+ Kh7 56. Kh2 Rh6+ 57. Kg1 Rhg6 58. Qd3 Kh8 59. Qh3+ Kg7 60. g3 Kf7 61.
Qd7+ Kf8 62. Qd8+ Kf7 63. Qd7+ Kf8 64. Qf5+ Ke7 65. Qe5+ Kd7 66. Kg2 Kc8 67. Kf3 Kb7 68. g4 Rxg4 69. b5 1-0

[Event "*** Titled Tuesday Blitz"]
[Site "Chess.com"]
[Date "2020.04.28"]
[Round "4"]
[White "bascheyaro"]
[Black "sergeikim"]
[Result "1/2-1/2"]
[WhiteElo "2666"]
[BlackElo "2434"]
[TimeControl "180+1"]
[EndTime "10:42:03 PDT"]
[Termination "Game drawn - insufficient material"]

1. d4 Nf6 2. Nf3 g6 3. Bf4 Bg7 4. e3 O-O 5. c4 d6 6. Nc3 Nbd7 7. Be2 b6 8. O-O Bb7 9. d5 e5 10. dxe6 fxe6 11. Nd4 Qe7 12. Bg5 h6 13. Bh4 g5 14. Bg3 Nc5 15. f3 a5 16. b3 Kh8 17.
a3 Qd7 18. Rc1 e5 19. Ndb5 Rad8 20. b4 axb4 21. axb4 Ne6 22. Nd5 c6 23. Nxb6 Qe7 24. Nc3 Nh5 25. Bf2 Nf6 26. b5 Nc5 27. bxc6 Bxc6 28. Nbd5 Nxd5 29. Nxd5 Qf7 30. e4 Ne6 31. Ra1 Nd4 32. Bd3 Bxd5 33. exd5 Rb8 34. Rb1 Qf4 35.
Re1 Ra8 36. Re4 Qf6 37. Qd2 Ra3 38. Bxd4 exd4 39. h4 gxh4 40. Re6 Qg5 41. Qe2 Be5 42. Qe4 Qe3+ 43. Qxe3 dxe3 44. Be2 Kg7 45. c5 Rf6 46. Re7+ Rf7 47. Rxe5 dxe5 48. Rc1 Rfa7 49. Kh2 Ra1 50. Rc4 R7a4 51. c6 Rxc4 52. Bxc4 Rc1 53. Bb5 Kf6 54.
d6 Ke6 55. d7 Ke7 56. Kh3 Kd8 57. Kxh4 Kc7 58. Kg3 Rc2 59. f4 Rb2 60. Bd3 Rb5 61. Kf3 exf4 62. Kxf4 Rb3 63. Kxe3 Rc3 64. Ke4 Rxc6 65.
Bb5 Rd6 66. g4 Rd2 67. Kf4 Kb6 68. Bc4 Rxd7 69. Be6 Rd4+ 70. Ke5 Rxg4 71. Bxg4 h5 72. Bxh5 1/2-1/2

[Event "*** Titled Tuesday Blitz"]
[Site "Chess.com"]
[Date "2020.04.28"]
[Round "4"]
[White "Toro1234"]
[Black "JSMastropiero"]
[Result "0-1"]
[WhiteElo "2630"]
[BlackElo "2440"]
[TimeControl "180+1"]
[EndTime "10:42:04 PDT"]
[Termination "JSMastropiero won by resignation"]

1. Nf3 Nf6 2. g3 b6 3. Bg2 Bb7 4. c4 e6 5. O-O Be7 6. Nc3 O-O 7.
Re1 d5 8. cxd5 exd5 9. d4 c6 10. Bf4 Na6 11. Ne5 Nc7 12. e4 dxe4 13. Nxe4 Ncd5 14.
Nxf6+ Bxf6 15. Bd2 Re8 16. f4 Qd6 17. Kh1 Rad8 18.
Qa4 a5 19. Rad1 Be7 20. a3 f6 21. Nc4 Qc7 22. Qb3 Kh8 23. Bc3 b5 24. Bxa5 Qd7 25. Ne3 Nxe3 26. Rxe3 Ra8 27. Bc3 Bf8 28. Rde1 Rxe3 29.
Rxe3 c5 30. d5 c4 31. Qd1 Bc5 32. Re1 Rd8 33. Bd4 Bxd5 34. Bxc5 Bxg2+ 35. Kxg2 Qc6+ 36. Kh3 Rxd1 37. Rxd1 h5 38. Bb4 Qf3 39. Re1 Qg4+ 40. Kg2 h4 41. Bc3 h3+ 42. Kf2 Qc8 43. Re2 Qc5+ 44. Ke1 Qc6 45. Kd1 Qf3 46. Ke1 Kh7 47. Kd1 Kg6 48. Kd2 Qd5+ 49. Ke1 Qd3 50. Kf2 Kf5 51.
Re3 Qc2+ 52. Re2 Qd1 53. Ke3 Qg1+ 54. Kd2 Kg4 55. Bb4 Qb1 56. Bc3 Qd3+ 57. Ke1 Kf3 58. Rf2+ Kg4 59. Re2 Qb1+ 60. Kf2 Qh1 61. Ke3 Qf3+ 62.
Kd2 Qd5+ 63. Ke1 Qc5 64. Kf1 Kf3 65. Bd2 Qd4 66. Re3+ Qxe3 67. Bxe3 Kxe3 68. Ke1 Kd3 69. Kd1 f5 70. Kc1 Ke2 71. Kc2 Kf3 72. Kc3 Kg2 73. Kb4 Kxh2 74. Kxb5 Kxg3 75. a4 h2 0-1

[Event "*** Titled Tuesday Blitz"]
[Site "Chess.com"]
[Date "2020.04.28"]
[Round "4"]
[White "LuckIsMySkill"]
[Black "KinKaiser"]
[Result "0-1"]
[WhiteElo "2707"]
[BlackElo "2531"]
[TimeControl "180+1"]
[EndTime "10:42:05 PDT"]
[Termination "KinKaiser won on time"]

1. f4 d5 2. Nf3 Nf6 3. e3 Bf5 4.
c4 c6 5. Nc3 e6 6. d4 Nbd7 7.
Bd3 Bb4 8. O-O O-O 9. Ne5 Bxd3 10. Qxd3 a5 11. Bd2 Bxc3 12. Bxc3 Nxe5 13. fxe5 Ne4 14.
Rf4 f5 15. exf6 Rxf6 16. Raf1 Rxf4 17. Rxf4 a4 18. Bb4 Qg5 19. Qf1 h6 20. h4 Qg3 21.
Qf3 Qg6 22. h5 Qg5 23. Rg4 Qf6 24. Rg6 Qxf3 25. gxf3 Nf6 26. e4 Kf7 27. cxd5 cxd5 28. e5 Nxh5 29. Rg2 Rc8 30. Bc3 g5 31. Kf2 Nf4 32.
Rh2 Kg6 33. Ke3 h5 34. Rh1 h4 35. Kf2 Kf5 36. Ke3 b5 37. Rg1 Rc4 38. a3 Rc8 39. Rh1 Rh8 40. Bd2 h3 41. Kf2 h2 42. Be3 g4 43. Bd2 Rh3 44. fxg4+ Kxg4 45. Bxf4 Kxf4 46.
Kg2 Rh8 47. Rf1+ Ke4 48. Kh1 Kxd4 49. Rf4+ Kxe5 50. Rb4 Rb8 51. Kxh2 d4 52. Kg2 Ke4 53. Kf2 e5 54. b3 axb3 55. Rxb3 Kd5 56. Ke2 e4 57. a4 b4 58. a5 Kc4 59. Rb1 Rh8 60. Rc1+ Kb5 61. Kf2 Kxa5 62. Rc4 Rd8 63. Rc5+ Ka4 64.
Re5 e3+ 65. Ke2 Kb3 66. Kd3 Ka3 67. Ra5+ Kb3 68. Rc5 Re8 69. Ke2 d3+ 70. Kxd3 e2 71. Rc2 e1=Q 0-1

[Event "*** Titled Tuesday Blitz"]
[Site "Chess.com"]
[Date "2020.04.28"]
[Round "4"]
[White "grzechu96"]
[Black "crazy_but_lazy"]
[Result "1-0"]
[WhiteElo "2594"]
[BlackElo "2352"]
[TimeControl "180+1"]
[EndTime "10:42:05 PDT"]
[Termination "grzechu96 won on time"]

1. e4 e6 2. d4 d5 3. Nc3 Nf6 4. e5 Nfd7 5. f4 c5 6. Nf3 a6 7. Be3 Qb6 8. a3 Nc6 9. Be2 Qa7 10. Na4 b5 11. Nxc5 Nxc5 12. dxc5 Bxc5 13. Bxc5 Qxc5 14. Qd2 O-O 15. c3 Bb7 16. Nd4 Rac8 17. b4 Qb6 18. Nb3 Rfd8 19. Rd1 d4 20. cxd4 Ne7 21. O-O Nf5 22.
Bf3 Bd5 23. Bxd5 Rxd5 24. Rf3 Rc4 25. Rd3 h5 26. g3 Qc7 27. Nc5 Rdxd4 28. Rxd4 Rxd4 29.
Qe2 Qc6 30. Rxd4 Nxd4 31. Qe4 Qxe4 32. Nxe4 Nc2 33. Nc5 Nxa3 34. Nxa6 Kf8 35. Kf2 Ke7 36. Ke3 Kd7 37. Kd4 Kc6 38. Nc5 Nc2+ 39. Kc3 Ne3 40.
Ne4 Nf1 41. h3 Kd5 42. Nd6 Nxg3 43. Kd3 f6 44. exf6 gxf6 45. Nxb5 e5 46. Nc3+ Kc6 47. fxe5 fxe5 48. Ne4 Nf5 49. Nc3 Nd6 50. Ke3 Nc4+ 51. Ke4 Kd6 52. Kf5 Kc6 53. Ke4 Kd6 54. Kf5 Kc6 55.
h4 Kd6 56. Kg5 Kc6 57. Kxh5 e4 58. Nxe4 Kb5 59. Kg6 Kxb4 60. h5 Ne5+ 61. Kg7 Ng4 62. Nf6 Ne3 63. Kg6 Ng2 64. h6 Nf4+ 65. Kf7 Nd3 66.
h7 Ne5+ 67. Kg7 1-0